 Dungeon Crawl Stone Soup version 0.29.0-4-gdea44cf6ec (webtiles) character file.

Game seed: 18259452153125660805

27343 svrs the Severer (level 13, -11/119 HPs)
             Began as a Minotaur Berserker on Aug 25, 2022.
             Was a High Priest of Trog.
             Mangled by Sonja
             ... wielding a +2 dagger of distortion
              (19 damage)
             ... on level 4 of the Lair of Beasts on Aug 28, 2022.
             The game lasted 01:02:14 (15975 turns).

svrs the Severer (Minotaur Berserker)              Turns: 15975, Time: 01:02:14

Health: -11/119    AC: 24    Str: 33    XL:     13   Next: 3%
Magic:  12/12      EV: 10    Int:  2    God:    Trog [*****.]
Gold:   834        SH:  0    Dex: 10    Spells: 12/12 levels left

rFire   + . .      SeeInvis .   P - +9 battleaxe (vorpal)
rCold   . . .      Faith    .   (shield currently unavailable)
rNeg    . . .      Spirit   .   I - +0 chain mail "Innuguwo" {rElec rF+ rCorr}
rPois   +          Reflect  .   (helmet restricted)
rElec   +          Harm     .   B - +2 cloak {rPois}
rCorr   +          Rampage  .   i - +1 pair of gloves
Will    .....                   H - +0 pair of boots {Fly}
Stlth   ..........              m - amulet "Pakhli Solug" {RegenMP Str+6 Int-2 Stlth+}
HPRegen 0.29/turn               R - +4 ring of protection
MPRegen 0.53/turn               K - ring of resist corrosion

@: lethally poisoned (-11 -> -12), flying, slowed, very slow
A: horns 2, retaliatory headbutt
a: Renounce Religion, Berserk, Trog's Hand, Brothers in Arms


You were on level 4 of the Lair of Beasts.
You worshipped Trog.
Trog was extremely pleased with you.
You visited 2 branches of the dungeon, and saw 13 of its levels.

You collected 1015 gold pieces.
You spent 181 gold pieces at shops.

Inventory:

Hand Weapons
 P - a +9 vorpal battleaxe (weapon)
Armour
 g - a +0 plate armour
 i - a +1 pair of gloves (worn)
 B - a +2 cloak of poison resistance (worn)
 F - the +1 cloak "Ufupno" {Harm rElec Dex+2}
   (You found it on level 8 of the Dungeon)

   Dex:       It affects your dexterity (+2).
   rElec:     It insulates you from electricity.
   Harm:      It increases damage dealt and taken.
 H - a +0 pair of boots of flying (worn)
 I - the +0 chain mail "Innuguwo" (worn) {rElec rF+ rCorr}
   (You took it off an orc warrior on level 8 of the Dungeon)

   rF:        It protects you from fire.
   rElec:     It insulates you from electricity.
   rCorr:     It protects you from acid and corrosion.
Jewellery
 m - the amulet "Pakhli Solug" (around neck) {RegenMP Str+6 Int-2 Stlth+}
   (You found it on level 3 of the Dungeon)

   [amulet of magic regeneration]

   It increases your rate of magic regeneration.
   Str:       It affects your strength (+6).
   Int:       It affects your intelligence (-2).
   Stlth:     It makes you more stealthy.
 p - a ring of protection from fire
 K - a ring of resist corrosion (right hand)
 L - an amulet of faith
 R - a +4 ring of protection (left hand)
Wands
 a - a wand of acid (15)
 o - a wand of digging (14)
 y - a wand of flame (6)
 G - a wand of charming (16)
Scrolls
 b - 3 scrolls of identify
 c - 10 scrolls of teleportation
 h - 3 scrolls of brand weapon
 k - 4 scrolls of fear
 l - 9 scrolls of silence
 r - 6 scrolls of poison
 t - a scroll of magic mapping {unknown}
 u - 2 scrolls of immolation
 v - a scroll of torment {unknown}
 x - 5 scrolls of enchant weapon
 C - 2 scrolls of amnesia
 E - a scroll of enchant armour {unknown}
 N - a scroll of butterflies {unknown}
 O - 2 scrolls of summoning {unknown}
 T - a scroll of noise {unknown}
Potions
 d - 5 potions of mutation
 e - 4 potions of lignification
 f - 4 potions of flight
 j - 3 potions of haste
 n - 4 potions of might
 q - 7 potions of curing
 s - 2 potions of ambrosia
 z - 3 potions of degeneration
 A - a potion of resistance {unknown}
 J - 5 potions of brilliance
 M - a potion of attraction {unknown}
 Q - a potion of heal wounds {unknown}
 S - a potion of cancellation {unknown}
Miscellaneous
 w - a lightning rod (4/4)


   Skills:
 + Level 12.6 Fighting
 + Level 19.4 Axes
 + Level 12.4 Armour
 + Level 4.3 Dodging
 + Level 1.7 Stealth


You had 12 spell levels left.
You didn't know any spells.
Your spell library was empty.

Dungeon Overview and Level Annotations

Branches:
Dungeon (9/15)             Temple (0/1) D:4            Lair (4/5) D:8
 Shoals (0/4) Lair:3        Snake (0/4) Lair:3          Orc (0/2) D:9
  Slime: Lair:4-5

Altars:
Ashenzari
Cheibriados
Dithmenos
Elyvilon
Fedhas
Hepliaklqana
Kikubaaqudgha
Makhleb
Qazlal
Ru
Sif Muna
Wu Jian
Xom
Yredelemnul
The Shining One

Shops:
D:3 *   D:4 *   D:7 (   D:9 [

Annotations:
Lair:4 Sonja


Innate Abilities, Weirdness & Mutations

You have a pair of horns on your head.
You reflexively headbutt those who attack you in melee.


Message History

You have difficulty breathing.
You feel yourself slow down.
Sonja casts a spell.
Sonja blinks!
Sonja hits you with a +2 dagger of distortion.
Space warps around you. Sonja hits you but does no damage.
Space warps horribly around you!! Sonja hits you but does no damage.
You blink.
A cane toad comes into view.
The cane toad croaks.
Sonja mumbles some strange words.
Sonja blinks!
Sonja plants her feet in a plie.
Sonja throws a curare-tipped dart.
The curare-tipped dart hits you.
You are poisoned.
You have difficulty breathing.
You feel as though you will be slow longer.
Sonja throws a curare-tipped dart.
The curare-tipped dart hits you.
You feel sick.
You slice the cane toad!!
The cane toad is almost dead.
You feel sick.
Sonja throws a curare-tipped dart.
The curare-tipped dart closely misses you.
The curare-tipped dart hits the cane toad.
The cane toad stings you!
Sonja throws a curare-tipped dart.
The curare-tipped dart barely misses you.
The curare-tipped dart barely misses the cane toad.
The cane toad stings you but does no damage.
You barely miss the cane toad. Your headbutt misses the cane toad.
The cane toad is almost dead.
You feel sick. The cane toad misses you.
You barely miss the cane toad.
The cane toad is severely wounded.
You feel sick.
Sonja gestures wildly while chanting.
Sonja blinks!
The cane toad stings you!
* * * LOW HITPOINT WARNING * * *
Sonja hits you but does no damage. Space warps horribly around you!!
* * * LOW HITPOINT WARNING * * *
Sonja barely misses you. Sonja hits you but does no damage.
Space warps horribly around you!!
You die...

............... .................
...P...........P...... .#.#..
....#............:...##.......
....................P.........
.................................
...................<.............
P...##.#...................#.....
................@F...(...†.......
...............K.....[...........
.......#...(.....................
................>................
.................................
...........§............).#......
.........................#.......
........................##.......
.÷..÷...................#........


You could see a cane toad and Sonja.

Vanquished Creatures
  2 hydras (Lair:4)
  2 two-headed ogres (D:9)
  7 death yaks
  Urug (Lair:1)
  The ghost of gdog the Covert, a novice GnDe of Gozag (D:8)
  6 elephants (Lair:3)
  2 merfolk sirens (Lair:3)
  A guardian serpent (Lair:3)
  A torpor snail (Lair:1)
  6 cane toads
  2 rime drakes
  Maggie (Lair:2)
  6 komodo dragons
  2 merfolk (Lair:3)
  A hornet (D:9)
  2 dream sheep (Lair:1)
  5 blink frogs (Lair:2)
  4 wyverns
  26 yaks
  4 basilisks
  A warg (D:8)
  4 water moccasins
  8 orc warriors
  2 black bears
  A sky beast (D:8)
  An ice beast (D:6)
  5 ogres
  3 centaurs
  3 kobold brigands
  14 bullfrogs
  3 necrophages
  3 scorpions
  6 wights (D:8)
  5 killer bees (D:5)
  An electric eel (Lair:1)
  6 howler monkeys
  2 gnoll boudas
  3 hounds
  Crazy Yiuf (D:5)
  9 orc priests
  16 orc wizards
  Ijyb (D:3)
  3 iguanas
  Robin (D:3)
  10 adders
  13 gnolls
  A white imp (D:6)
  An ufetubus (D:5)
  3 dart slugs
  32 orcs
  4 bats
  7 endoplasms
  4 giant cockroaches (D:4)
  14 goblins
  9 hobgoblins
  25 kobolds
  7 quokkas
  11 ball pythons
  3 frilled lizards (D:1)
  8 rats
336 creatures vanquished.

Vanquished Creatures (others)
  9 fungi
  56 plants
65 creatures vanquished.

Grand Total: 401 creatures vanquished

Notes
Turn   | Place    | Note
-------+----------+-------------------------------------------
     0 | D:1      | svrs the Minotaur Berserker began the quest for the Orb.
     0 | D:1      | Reached XP level 1. HP: 19/19 MP: 0/0
   319 | D:1      | Reached XP level 2. HP: 27/27 MP: 1/1
   485 | D:1      | Reached skill level 4 in Axes
  1062 | D:2      | Reached XP level 3. HP: 31/33 MP: 2/2
  1183 | D:2      | Found a faded altar of an unknown god.
  1287 | D:2      | Reached ** piety under Trog
  1750 | D:2      | Reached XP level 4. HP: 39/40 MP: 3/3
  2034 | D:3      | Identified the amulet "Pakhli Solug" {RegenMP Str+6 Int-2
                  | Stlth+}
  2078 | D:3      | Noticed Robin
  2089 | D:3      | Reached skill level 5 in Axes
  2093 | D:3      | Killed Robin
  2109 | D:3      | Reached XP level 5. HP: 41/47 MP: 4/4
  2239 | D:3      | Noticed Ijyb
  2259 | D:3      | Killed Ijyb
  2954 | D:3      | Found a sacrificial altar of Ru.
  2992 | D:3      | Reached XP level 6. HP: 53/53 MP: 5/5
  3219 | D:3      | Found Duxeg's General Store.
  3495 | D:4      | Found a staircase to the Ecumenical Temple.
  3509 | D:4      | Reached skill level 6 in Axes
  3518 | D:4      | Reached *** piety under Trog
  3867 | D:4      | Found Zecluhiaco's Serpentskin Sales.
  3867 | D:4      | Noticed a water moccasin
  3876 | D:4      | Killed a water moccasin
  3877 | D:4      | Reached skill level 5 in Fighting
  3877 | D:4      | Reached skill level 5 in Armour
  4172 | D:4      | Reached XP level 7. HP: 61/61 MP: 6/6
  4214 | D:4      | Found a burning altar of Makhleb.
  4563 | D:4      | Reached skill level 7 in Axes
  4694 | D:3      | Bought a scroll of identify for 22 gold pieces
  4694 | D:3      | Bought a potion of curing for 33 gold pieces
  4694 | D:3      | Bought a scroll of teleportation for 33 gold pieces
  4694 | D:3      | Bought a scroll of enchant weapon for 82 gold pieces
  4694 | D:3      | Bought a potion of degeneration for 11 gold pieces
  4799 | D:5      | Entered Level 5 of the Dungeon
  4800 | D:5      | Upgraded the game from 0.29.0-3-gbb0933ed62 to
                  | 0.29.0-4-gdea44cf6ec
  4839 | D:5      | Reached skill level 1 in Stealth
  5347 | D:5      | Reached skill level 8 in Axes
  5407 | D:5      | Reached **** piety under Trog
  5411 | D:5      | Reached XP level 8. HP: 52/70 MP: 7/7
  5867 | D:5      | Reached skill level 9 in Axes
  5981 | D:5      | Found a runed translucent door.
  5982 | D:5      | Noticed Crazy Yiuf
  6011 | D:5      | Found an ornate altar of the Wu Jian Council.
  6012 | D:5      | Found a white marble altar of Elyvilon.
  6012 | D:5      | Found a glowing golden altar of the Shining One.
  6012 | D:5      | Found a shadowy altar of Dithmenos.
  6015 | D:5      | Found a shimmering blue altar of Sif Muna.
  6016 | D:5      | Found a snail-covered altar of Cheibriados.
  6021 | D:5      | Found an ancient bone altar of Kikubaaqudgha.
  6041 | D:5      | Found a stormy altar of Qazlal.
  6042 | D:5      | Found a basalt altar of Yredelemnul.
  6224 | D:5      | Killed Crazy Yiuf
  6467 | D:6      | Found a broken altar of Ashenzari.
  6487 | D:6      | Found a blossoming altar of Fedhas.
  6498 | D:6      | Identified the +10 trident of the Extremes {flame, rC-
                  | Int+8 Stlth+}
  6553 | D:6      | Reached skill level 10 in Axes
  7082 | D:6      | Reached XP level 9. HP: 78/78 MP: 8/8
  7439 | D:6      | Reached skill level 11 in Axes
  7479 | D:6      | Identified the +4 short sword of the Puffball {drain, rPois
                  | Int+2 Stlth+}
  8079 | D:7      | Found a shimmering altar of Xom.
  8080 | D:7      | Found a hazy altar of Hepliaklqana.
  8081 | D:7      | Noticed a spectral ugly thing
  8292 | D:7      | Found Mesa Kol's Weapon Boutique.
  8391 | D:7      | Reached ***** piety under Trog
  8726 | D:8      | Reached skill level 12 in Axes
  8808 | D:8      | Found a staircase to the Lair.
  8809 | D:8      | Noticed a komodo dragon
  8822 | D:8      | Killed a komodo dragon
  9183 | D:8      | Found a runed translucent gate.
  9183 | D:8      | Found a runed translucent gate.
  9184 | D:8      | Found a runed translucent gate.
  9185 | D:8      | Noticed gdog's ghost (novice GnDe)
  9186 | D:8      | Identified the +0 chain mail "Innuguwo" {rElec rF+ rCorr}
  9545 | D:8      | Reached XP level 10. HP: 89/89 MP: 9/9
  9552 | D:8      | Reached skill level 13 in Axes
  9554 | D:8      | Killed gdog's ghost
  9579 | D:8      | Identified the +1 cloak "Ufupno" {Harm rElec Dex+2}
  9671 | D:9      | Identified the +3 robe of Squeaky Satisfaction {Regen+
                  | Archmagi}
  9822 | D:9      | Reached skill level 14 in Axes
  9974 | D:9      | Noticed a two-headed ogre
  9975 | D:9      | Noticed a two-headed ogre
  9992 | D:9      | Killed a two-headed ogre
  9994 | D:9      | Killed a two-headed ogre
  9995 | D:9      | Reached skill level 10 in Armour
 10236 | D:9      | Reached skill level 15 in Axes
 10414 | D:9      | Reached XP level 11. HP: 87/97 MP: 10/10
 10468 | D:9      | Found Puitojoint's Armour Shop.
 10469 | D:9      | Found a staircase to the Orcish Mines.
 11134 | Lair:1   | Entered Level 1 of the Lair of Beasts
 11518 | Lair:1   | Noticed a death yak
 11529 | Lair:1   | Killed a death yak
 11530 | Lair:1   | Reached skill level 10 in Fighting
 11531 | Lair:1   | Noticed a death yak
 11535 | Lair:1   | Noticed a death yak
 11540 | Lair:1   | Killed a death yak
 11541 | Lair:1   | Reached skill level 16 in Axes
 11542 | Lair:1   | Killed a death yak
 12536 | Lair:1   | Noticed Urug
 12548 | Lair:1   | Killed Urug
 12832 | Lair:2   | Noticed Maggie
 12836 | Lair:2   | Killed Maggie
 12837 | Lair:2   | Reached skill level 17 in Axes
 13081 | Lair:2   | Received a gift from Trog
 13082 | Lair:2   | Reached XP level 12. HP: 82/110 MP: 11/11
 13761 | Lair:3   | Reached skill level 18 in Axes
 14253 | Lair:3   | Found a staircase to the Shoals.
 14468 | Lair:3   | Found a staircase to the Snake Pit.
 14911 | Lair:4   | Noticed a death yak
 14912 | Lair:4   | Noticed a death yak
 14913 | Lair:4   | Noticed a death yak
 14940 | Lair:4   | Killed a death yak
 14948 | Lair:4   | Killed a death yak
 14949 | Lair:4   | Reached skill level 19 in Axes
 14950 | Lair:4   | Noticed a death yak
 14953 | Lair:4   | Killed a death yak
 14958 | Lair:4   | Killed a death yak
 15141 | Lair:4   | Noticed a six-headed hydra
 15150 | Lair:4   | Killed an eight-headed hydra
 15212 | Lair:4   | Noticed a six-headed hydra
 15221 | Lair:4   | Killed an 11-headed hydra
 15410 | Lair:4   | Noticed Sonja
 15431 | Lair:4   | Reached XP level 13. HP: 75/119 MP: 12/12
 15975 | Lair:4   | Mangled by Sonja

Illustrated notes

Levels and vault maps discovered:
D:1:      minmay_arrival_three_doors, layout_loops_cross
D:2:      layout_rooms, shapermc_ecumenical_altar_notcrosses
D:3:      layout_basic, mainiacjoe_overflow_surrounded_room, serial_shops,
          nicolae_lakefront_shop, grunt_ministairs_11, uniq_robin, uniq_ijyb
D:4:      layout_basic, bloody_makhleb, minmay_temple_entry_drinking_statues,
          guppyfry_shop_venom
D:5:      layout_cave_pools, minitemple, uniq_crazy_yiuf_cottage
D:6:      kennysheep_housing_project, layout_basic,
          mainiacjoe_overflow_large_starburst, minmay_misc_feat_doors,
          minmay_crossroads
D:7:      layout_basic, regret_index_temple_of_mockery, serial_shops,
          nicolae_shop_bloodbath_and_beyond
D:8:      layout_loops_ring, david_lair_shrubbed, biasface_ghost_orc_armoury,
          minivault_1, kennysheep_generic_room_13
D:9:      layout_grid_maze, orc_david_3, hangedman_abyss_or_decor_stabs
Lair:1:   layout_regular_city, infiniplex_staircase_pool, uniq_urug
Lair:2:   layout_chaotic_city, uniq_maggie
Lair:3:   layout_long_grid, elwin_shoals_entry_stream,
          minmay_snake_entry_spellcaster, lemuel_fruit_fields
Lair:4:   layout_cave_shapes, bh_autumn_forest_stairs, uniq_sonja

Skill      XL: |  1  2  3  4  5  6  7  8  9 10 11 12 |
---------------+-------------------------------------+-----
Fighting       | 4 5 6 8 9 11 12 | 12.6
Axes           | 4 5 6 8 10 12 15 17 19 | 19.4
Armour         | 3 4 5 6 7 9 10 11 12 | 12.4
Dodging        | 3 4 |  4.3
Stealth        | 1 |  1.7

Action                   |  1- 3 |  4- 6 |  7- 9 | 10-12 | 13-15 || total
-------------------------+-------+-------+-------+-------+-------++-------
Melee: Hand axe          |   107 |   141 |    25 |       |       ||   273
       Headbutt          |    12 |    21 |    45 |    66 |     1 ||   145
       Punch             |       |     3 |       |       |       ||     3
       Battleaxe         |       |       |   250 |   307 |    17 ||   574
Throw: Throwing net      |       |       |       |     1 |     3 ||     4
Invok: Berserk           |       |     2 |     3 |     5 |       ||    10
  Use: Scroll            |       |       |     5 |     9 |     1 ||    15
       Potion            |       |       |     1 |       |       ||     1
 Stab: Sleeping          |     1 |       |       |       |       ||     1
Armor: Animal skin       |     5 |       |       |       |       ||     5
       Ring mail         |    17 |       |       |       |       ||    17
       Plate armour      |    23 |    91 |   266 |    13 |       ||   393
       Chain mail        |       |       |       |   147 |    19 ||   166
Dodge: Dodged            |    60 |    54 |   140 |   136 |    10 ||   400
